 Dungeon Crawl Stone Soup version 0.28-a0-1167-g616b1c6417 (webtiles) character file.

Game seed: 8797147914347520045

28921 gohrik the Unseen (level 13, -6/69 HPs)
             Began as a Spriggan Brigand on Dec 14, 2021.
             Was a High Priest of Nemelex Xobeh.
             Mangled by a skeletal warrior (26 damage)
             ... led by a skeletal warrior
             ... on level 13 of the Dungeon on Dec 16, 2021.
             The game lasted 02:32:26 (22401 turns).

gohrik the Unseen (Spriggan Brigand)               Turns: 22401, Time: 02:32:27

Health: -6/69      AC:  4    Str:  9    XL:     13   Next: 12%
Magic:  20/20      EV: 36    Int: 13    God:    Nemelex Xobeh [*****.]
Gold:   884        SH:  0    Dex: 21    Spells: 12/12 levels left

rFire   . . .      SeeInvis +   s - +6 dagger (vamp)
rCold   + . .      Faith    +   (shield restricted)
rNeg    . . .      Spirit   .   O - +2 robe {rC+}
rPois   .          Reflect  .   (helmet restricted)
rElec   .          Harm     .   p - scarf {repulsion}
rCorr   +          Rampage  .   (gloves unavailable)
Will    ++...                   (boots unavailable)
Stlth   +++++++...              F - amulet of faith
HPRegen 0.21/turn               u - ring of resist corrosion
MPRegen 0.17/turn               E - +4 ring of evasion

@: studying 2 skills, repel missiles, very quick
A: very small, no large weapons, unfitting armour, see invisible, speed 3,
robust 1, strong 1, subdued magic 1
a: Renounce Religion, Draw Escape, Draw Destruction, Draw Summoning, Triple
Draw, Deal Four, Stack Five


You were on level 13 of the Dungeon.
You worshipped Nemelex Xobeh.
Nemelex Xobeh was extremely pleased with you.
You visited 3 branches of the dungeon, and saw 15 of its levels.

You collected 1016 gold pieces.
You spent 132 gold pieces at shops.

Inventory:

Hand Weapons
 a - a +2 dagger
 s - a +6 vampiric dagger (weapon)
Missiles
 d - 61 poisoned darts (quivered)
 A - 7 silver javelins
 L - 2 curare-tipped darts
Armour
 c - a +0 cloak
 p - a scarf of repulsion (worn)
 O - a +2 robe of cold resistance (worn)
Jewellery
 q - a ring of ice
 t - a ring of magical power
 u - a ring of resist corrosion (left hand)
 x - a ring of positive energy
 E - a +4 ring of evasion (right hand)
 F - an amulet of faith (around neck)
 K - a ring of wizardry
Wands
 y - a wand of polymorph (7)
 C - a wand of digging (6)
 D - a wand of acid (4)
 J - a wand of paralysis (3)
 M - a wand of mindburst (11)
Scrolls
 b - a scroll of holy word {unknown}
 e - a scroll of vulnerability
 f - a scroll of identify
 g - 6 scrolls of teleportation
 h - a scroll of amnesia
 l - 4 scrolls of enchant armour
 w - a scroll of fog {unknown}
 H - a scroll of silence
 N - 3 scrolls of immolation
 P - 2 scrolls of blinking
Potions
 i - a potion of magic
 j - 2 potions of attraction
 k - 3 potions of curing
 m - a potion of ambrosia
 n - a potion of haste
 r - 4 potions of flight
 v - a potion of cancellation {unknown}
 z - 2 potions of lignification
 B - 2 potions of invisibility
 I - a potion of brilliance
 Q - a potion of might


   Skills:
 + Level 4.4 Fighting
 * Level 10.6 Short Blades
 + Level 10.6 Throwing
 * Level 16.1 Dodging
 * Level 18.9 Stealth
 * Level 8.2 Invocations
 + Level 2.6 Evocations


You had 12 spell levels left.
You didn't know any spells.
Your spell library contained the following spells:

 Spells                   Type           Power      Damage    Failure   Level
 Stone Arrow              Conj/Erth      0%         3d7       63%         3
 Tukima's Dance           Hex            0%         N/A       63%         3
 Animate Armour           Summ/Erth      0%         N/A       96%         4
 Hailstorm                Conj/Ice       0%         3d3       96%         4
 Ice Form                 Ice/Tmut       0%         N/A       96%         4
 Passage of Golubria      Tloc           0%         N/A       96%         4
 Petrify                  Tmut/Erth      0%         N/A       96%         4
 Alistair's Intoxication  Tmut/Pois      0%         N/A       100%        5
 Borgnjor's Vile Clutch   Necr/Erth      0%         N/A       100%        5
 Metabolic Englaciation   Hex/Ice        0%         N/A       100%        5
 Yara's Violent Unravell  Hex/Tmut       0%         3d3       100%        5
 Eringya's Noxious Bog    Tmut/Pois      0%         N/A       100%        6
 Simulacrum               Ice/Necr       0%         N/A       100%        6
 Statue Form              Tmut/Erth      0%         N/A       100%        6
 Lehudib's Crystal Spear  Conj/Erth      0%         10d2      100%        8


Dungeon Overview and Level Annotations

Branches:
Dungeon (13/15)            Temple (0/1) D:4            Lair (1/6) D:9
    Orc (1/2) D:9
 Vaults: D:13-14

Altars:
Ashenzari
Cheibriados
Elyvilon
Gozag
Hepliaklqana
Kikubaaqudgha
Nemelex Xobeh
Qazlal
Ru
Yredelemnul
Beogh

Shops:
D:2 (   D:5 ?   D:8 (   D:12 !

Portals:
Trove: D:12 (give 5 scrolls of fear)

Annotations:
D:11 exclusion: ice statue


Innate Abilities, Weirdness & Mutations

You are very small and have problems with some larger weapons.
You are too small for most types of armour.
You have supernaturally acute eyesight. (SInv)
You cover ground extremely quickly. (Speed+++)
You are robust. (+10% HP)
Your muscles are strong. (Str +2)
Your spells are a little easier to cast, but a little less powerful.


Message History

You hit the skeletal warrior but do no damage.
The skeletal warrior is severely damaged.
You hit the skeletal warrior but do no damage.
The skeletal warrior is severely damaged.
The skeletal warrior closely misses you.
You draw a card...
You have drawn the Storm.
A fierce wind blows from the card.
The skeletal warrior is blown away by the wind.
The electrical discharge engulfs the skeletal warrior!
The skeletal warrior is severely damaged.
You hear mighty peals of thunder!
You draw a card...
You have drawn Pain.
Press: ? - help, Shift-Dir - straight line, f/p - skeletal warrior
Aim: a skeletal warrior, wielding a +0 battleaxe (severely damaged)
The bolt of negative energy misses the skeletal warrior.
You draw a card...
You have drawn Degeneration.
The skeletal warrior is dazed by the mutagenic energy.
You draw a card...
You have drawn Wild Magic.
The skeletal warrior rots away.
The skeletal warrior completely resists.
You feel a surge of magic.
The deck of cards glows slightly and disappears.
Unknown command.
You don't know any spells.
Aiming: Corrosive Bolt
Press: ? - help, Q - select action, (/) - cycle Shift-Dir - straight line, f/p - skeletal warrior
Aim: a skeletal warrior, wielding a +0 battleaxe (severely damaged, dazed, 71% to hit)
The bolt of acid hits the skeletal warrior.
The acid corrodes the skeletal warrior!
The skeletal warrior is almost destroyed.
The skeletal warrior is no longer dazed.
You hit the skeletal warrior but do no damage.
The skeletal warrior is almost destroyed.
The skeletal warrior misses you.
You barely miss the skeletal warrior.
The skeletal warrior is severely damaged.
You hit the skeletal warrior.
The skeletal warrior is almost destroyed.
The skeletal warrior hits you with a +0 battleaxe!!
You die...
Your body glows with a rainbow of weird colours and disappears.

#######.#.##..#
........#.##.(#
#########.##..#
#.##..# #.##..#
#
#.##..######.##
#.##..........#.
#.###..z..^.....
#.......@....##
############.# #


You could see a skeletal warrior (corroded).

Vanquished Creatures
  An orc warlord (D:9)
  Snorg (D:10)
  Fannar (D:10)
  2 boulder beetles (D:12)
  2 hydras
  4 two-headed ogres
  Urug (Lair:1)
  A skeletal warrior (D:13)
  A deep elf pyromancer (D:13)
  2 cyclopes
  An ugly thing (D:13)
  A manticore (D:12)
  An elephant (D:9)
  A molten gargoyle (Lair:1)
  A black mamba (Lair:1)
  Maggie (D:10)
  Psyche (D:12)
  A guardian mummy (D:12)
  2 kobold demonologists
  5 trolls
  7 slime creatures (D:12)
  Sigmund (D:3)
  2 shadows
  2 wyverns (D:9)
  A human (D:9)
  25 yaks
  A basilisk (D:9)
  3 vampire mosquitoes (D:12)
  5 water moccasins
  2 orc warriors
  A sky beast (D:7)
  4 ogres
  5 centaurs
  A boggart (D:10)
  4 bullfrogs
  3 kobold brigands
  A water moccasin skeleton (D:6)
  10 wights
  14 killer bees
  An electric eel (Lair:1)
  8 howler monkeys
  A centaur zombie (D:7)
  A hound (D:4)
  2 jellies
  A gnoll shaman (D:6)
  7 orc priests
  A bullfrog skeleton (D:4)
  4 iguanas
  5 orc wizards
  A killer bee zombie (D:7)
  10 gnolls
  10 adders
  An ufetubus (D:5)
  An adder skeleton (D:4)
  A dart slug (D:3)
  4 worms
  20 orcs
  7 ball pythons
  4 bats
  3 endoplasms
  4 giant cockroaches
  19 goblins
  6 hobgoblins
  6 jackals
  4 quokkas
  2 frilled lizards
  15 kobolds
  7 rats
279 creatures vanquished.

Vanquished Creatures (collateral kills)
  A hydra (D:10)
  3 skeletal warriors (D:13)
  4 yaks (D:10)
  4 vampire mosquitoes (D:11)
  A centaur (D:11)
  4 wolves (Lair:1)
  A phantom (D:4)
  A killer bee (D:10)
  An iguana (D:4)
  3 orc wizards
  3 orcs
  A goblin (D:4)
  A kobold (D:4)
28 creatures vanquished.

Vanquished Creatures (others)
  2 kobolds (D:10)
  3 fungi (D:9)
  21 plants
26 creatures vanquished.

Grand Total: 333 creatures vanquished

Notes
Turn   | Place    | Note
-------+----------+-------------------------------------------
     0 | D:1      | gohrik the Spriggan Brigand began the quest for the Orb.
     0 | D:1      | Reached XP level 1. HP: 10/10 MP: 2/2
     9 | D:1      | Reached skill level 6 in Stealth
   142 | D:1      | Reached XP level 2. HP: 14/14 MP: 3/3
   380 | D:1      | Reached skill level 7 in Stealth
   581 | D:1      | Reached XP level 3. HP: 18/18 MP: 4/4
  1217 | D:2      | Found Uhoniat's Weapon Emporium.
  1560 | D:2      | Reached XP level 4. HP: 22/22 MP: 5/5
  1994 | D:3      | Noticed Sigmund
  2006 | D:3      | Killed Sigmund
  2007 | D:3      | Reached skill level 9 in Stealth
  2007 | D:3      | Reached XP level 5. HP: 20/26 MP: 6/6
  2405 | D:3      | Found a sparkling altar of Nemelex Xobeh.
  2451 | D:3      | Became a worshipper of Nemelex Xobeh the Trickster
  2465 | D:3      | Found a stormy altar of Qazlal.
  2678 | D:3      | Found a sacrificial altar of Ru.
  2817 | D:3      | Found a faded altar of an unknown god.
  3150 | D:3      | Reached XP level 6. HP: 29/30 MP: 7/7
  3577 | D:4      | Found a staircase to the Ecumenical Temple.
  3595 | D:4      | Reached skill level 1 in Invocations
  3639 | D:4      | Found a hazy altar of Hepliaklqana.
  3719 | D:4      | Reached * piety under Nemelex Xobeh
  3865 | D:5      | Entered Level 5 of the Dungeon
  3900 | D:5      | Found Acethemu's Magic Scroll Shoppe.
  3982 | D:5      | Reached skill level 10 in Stealth
  4134 | D:5      | Reached XP level 7. HP: 34/34 MP: 9/9
  4281 | D:4      | Received a gift from Nemelex Xobeh
  4291 | D:4      | Found a basalt altar of Yredelemnul.
  4879 | D:4      | Received a gift from Nemelex Xobeh
  5288 | D:4      | Reached skill level 11 in Stealth
  5655 | D:5      | Reached ** piety under Nemelex Xobeh
  7034 | D:6      | Reached XP level 8. HP: 39/39 MP: 10/10
  7095 | D:6      | Found a sand-covered staircase.
  7128 | D:6      | Noticed a cyclops
  7175 | D:6      | Killed a cyclops
  7176 | D:6      | Reached skill level 5 in Short Blades
  7176 | D:6      | Reached skill level 5 in Dodging
  7866 | D:7      | Found a snail-covered altar of Cheibriados.
  8092 | D:7      | Reached skill level 12 in Stealth
  8417 | D:7      | Identified the +0 scale mail "Keyl" {rPois}
  8424 | D:7      | Found a white marble altar of Elyvilon.
  8474 | D:7      | Reached *** piety under Nemelex Xobeh
  8714 | D:7      | Reached skill level 5 in Throwing
  8714 | D:7      | Reached XP level 9. HP: 43/43 MP: 12/12
  9298 | D:8      | Found Agougg's Weapon Boutique.
  9508 | D:8      | Identified the +0 ring mail of the Trombone {rN+ Str+2}
  9662 | D:8      | Noticed a two-headed ogre
  9669 | D:8      | Killed a two-headed ogre
  9670 | D:8      | Reached skill level 13 in Stealth
 10398 | D:9      | Noticed an elephant
 10398 | D:9      | Found a staircase to the Lair.
 10398 | D:9      | Found a staircase to the Orcish Mines.
 10411 | D:9      | Upgraded the game from 0.28-a0-1147-gc7b72d3202 to
                  | 0.28-a0-1159-g27aa881441
 10454 | D:9      | Killed an elephant
 10469 | D:9      | Reached skill level 14 in Stealth
 10772 | D:9      | Reached XP level 10. HP: 48/49 MP: 14/14
 11234 | D:9      | Reached skill level 5 in Invocations
 12452 | D:9      | Found a broken altar of Ashenzari.
 12791 | D:9      | Reached skill level 1 in Evocations
 13067 | Orc:1    | Entered Level 1 of the Orcish Mines
 13315 | Orc:1    | Noticed an orc warlord
 13383 | D:9      | Identified a scroll of acquirement
 13383 | D:9      | Acquired a manual of Dodging
 13482 | D:9      | Killed an orc warlord
 14180 | Lair:1   | Entered Level 1 of the Lair of Beasts
 14216 | Lair:1   | Reached XP level 11. HP: 52/52 MP: 16/16
 14239 | Lair:1   | Noticed Urug
 14246 | Lair:1   | Killed Urug
 14247 | Lair:1   | Reached skill level 10 in Dodging
 14247 | Lair:1   | Reached skill level 15 in Stealth
 14329 | Lair:1   | Noticed an eight-headed hydra
 14355 | Lair:1   | Reached **** piety under Nemelex Xobeh
 14935 | Lair:1   | Received a gift from Nemelex Xobeh
 15009 | Lair:1   | Killed an eight-headed hydra
 15927 | D:10     | Entered Level 10 of the Dungeon
 15929 | D:10     | Noticed Fannar
 15929 | D:10     | Noticed a five-headed hydra
 15986 | D:10     | Killed a five-headed hydra
 15997 | D:10     | Found a flagged portal.
 16030 | D:10     | Noticed Snorg
 16086 | D:10     | Killed Snorg
 16396 | D:10     | Found an ancient bone altar of Kikubaaqudgha.
 16527 | D:10     | Killed Fannar
 16528 | D:10     | Reached skill level 16 in Stealth
 17362 | D:10     | Acquired a manual of Stealth
 17441 | D:10     | Found an opulent altar of Gozag.
 17451 | D:10     | Noticed Maggie
 17509 | D:10     | Killed Maggie
 18285 | D:11     | Received a gift from Nemelex Xobeh
 18299 | D:11     | Noticed a five-headed hydra
 18383 | D:11     | Killed a five-headed hydra
 18384 | D:11     | Reached XP level 12. HP: 37/58 MP: 18/18
 18872 | D:11     | Noticed a two-headed ogre
 19023 | D:11     | Killed a two-headed ogre
 19124 | D:11     | Reached skill level 17 in Stealth
 19274 | D:11     | Noticed a two-headed ogre
 19324 | D:11     | Killed a two-headed ogre
 19714 | D:12     | Received a gift from Nemelex Xobeh
 19741 | D:12     | Noticed Psyche
 19795 | D:12     | Killed Psyche
 20002 | D:12     | Noticed a boulder beetle
 20040 | D:12     | Killed a boulder beetle
 20325 | D:12     | Identified the -1 long sword "Dekun" {flame, Fly}
 20332 | D:12     | Reached skill level 10 in Throwing
 20701 | D:12     | Received a gift from Nemelex Xobeh
 20722 | D:12     | Reached skill level 10 in Short Blades
 20739 | D:12     | Reached skill level 15 in Dodging
 20881 | D:12     | Found Evyleegi's Distillery.
 20886 | D:12     | Bought a potion of mutation for 88 gold pieces
 20886 | D:12     | Bought a potion of might for 44 gold pieces
 20890 | D:12     | Gained mutation: Your spells are a little easier to cast,
                  | but a little less powerful. [potion of mutation]
 20890 | D:12     | Gained mutation: Your muscles are strong. (Str +2) [potion
                  | of mutation]
 20890 | D:12     | Gained mutation: You are robust. (+10% HP) [potion of
                  | mutation]
 21051 | D:12     | Found a portal to a secret trove of treasure.
 21404 | D:12     | Noticed a boulder beetle
 21432 | D:12     | Killed a boulder beetle
 21462 | D:12     | Reached ***** piety under Nemelex Xobeh
 21630 | D:13     | Reached skill level 18 in Stealth
 21653 | D:13     | Received a gift from Nemelex Xobeh
 21689 | D:13     | Noticed a two-headed ogre
 21797 | D:13     | Noticed a two-headed ogre
 21838 | D:13     | Banished a two-headed ogre
 21844 | D:13     | HP: 1/63 [deep elf pyromancer/bolt of fire (45)]
 21892 | D:13     | Killed a two-headed ogre
 22127 | D:13     | Reached XP level 13. HP: 68/68 MP: 20/20
 22314 | D:13     | Upgraded the game from 0.28-a0-1159-g27aa881441 to
                  | 0.28-a0-1167-g616b1c6417
 22401 | D:13     | Mangled by a skeletal warrior

Illustrated notes

Levels and vault maps discovered:
D:1:      nzn_arrival_water_spiral, layout_basic
D:2:      layout_basic, serial_shops, nicolae_shop_bloodbath_and_beyond,
          chequers_big_river, grunt_ministairs_9
D:3:      layout_loops_corners, mainiacjoe_overflow_tiny_flanked,
          jmf_multi_god_temple, nicolae_ecumenical_oubliette, uniq_sigmund
D:4:      layout_gridville, old_standard_altar,
          nicolae_hepliaklqana_hazy_memory, temple_green,
          hangedman_abyss_or_decor_stagger, minmay_ogre_servants
D:5:      layout_gridville, serial_shops, nicolae_inconvenience_store
D:6:      layout_loops_corners, lightli_ossuary_entry_decrepit_ruins,
          minmay_misc_feat_plants, kennysheep_generic_room_8
D:7:      layout_gridville, cheibriados_altar_1,
          mainiacjoe_overflow_small_starburst, minmay_holes
D:8:      layout_basic, serial_shops, shop_statue, minmay_puff
D:9:      layout_loops_cross, nicolae_ashenzari_skybound, david_lair_generic,
          minmay_orc_entry_temple_small, special_room [special_room_bee]
D:10:     layout_rooms, amcnicky_altar_gilded, mainiacjoe_overflow_catwalk,
          enter_bailey_6, grunt_ministairs_15, solitary_fountain,
          chequers_serial_rivers_marsh, uniq_maggie, uniq_snorg, uniq_fannar
D:11:     layout_gridville, minivault_16, minmay_misc_feat_cross
D:12:     layout_basic, nicolae_trove_entry_path_of_doom, serial_shops,
          kennysheep_little_box, uniq_psyche
D:13:     layout_basic
Lair:1:   layout_long_grid, lightli_volcano_entry_magma_tube,
          chequers_serial_rivers_small_a, nicolae_lair_liquid_snakes,
          infiniplex_staircase_pool_2, grunt_megastairs_2, uniq_urug
Orc:1:    layout_diamond_mine

Skill      XL: |  1  2  3  4  5  6  7  8  9 10 11 12 13 |
---------------+----------------------------------------+-----
Stealth        | 6 7 9 10 11 12 14 16 18 | 18.9
Dodging        | 2 3 4 5 7 9 12 15 16 | 16.1
Short Blades   | 3 4 5 7 8 9 10 | 10.6
Invocations    | 1 2 3 4 5 7 8 |  8.2
Throwing       | 3 5 7 9 10 | 10.6
Fighting       | 2 3 4 |  4.4
Evocations     | 1 2 |  2.6

Action                   |  1- 3 |  4- 6 |  7- 9 | 10-12 | 13-15 || total
-------------------------+-------+-------+-------+-------+-------++-------
Melee: Dagger            |   134 |   114 |   243 |   971 |    35 ||  1497
Throw: Dart              |     5 |    38 |   109 |   354 |       ||   506
       Throwing net      |       |       |       |     2 |       ||     2
Invok: Draw Summoning    |       |       |     3 |     6 |     2 ||    11
       Draw Destruction  |       |       |     6 |    25 |    11 ||    42
       Draw Escape       |       |       |     2 |     3 |       ||     5
Evoke: Wand              |       |       |       |    24 |     9 ||    33
  Use: Scroll            |       |       |       |    22 |     1 ||    23
       Potion            |       |       |       |     9 |       ||     9
 Stab: Sleeping          |    24 |    13 |    22 |    20 |     2 ||    81
       Distracted        |       |     1 |     3 |     4 |       ||     8
       Held in net/web   |       |       |       |     1 |       ||     1
Armor: Robe              |    18 |     7 |    11 |    14 |       ||    50
Dodge: Dodged            |    99 |    72 |   204 |   786 |    26 ||  1187
       Repelled          |       |       |     1 |     1 |       ||     2

Table legend: (Time is in decaauts)
 A = Elapsed time spent in this place.
 B = Non-inter-level travel time spent in this place.
 C = Inter-level travel time spent in this place.
 D = Time resting spent in this place.
 E = Time spent auto-exploring this place.
 F = Levels seen in this place.
 G = Mean time per level.
                   A        B        C        D        E       F      G
               +--------+--------+--------+--------+--------+-----+--------+
         Total |  16416 |  16416 |      0 |   4667 |   5539 |  15 | 1094.4 |
       Dungeon |  15417 |  15417 |      0 |   4554 |   5314 |  13 | 1185.9 |
          Lair |    761 |    761 |      0 |     36 |    225 |   1 |  761.0 |
  Orcish Mines |    237 |    237 |      0 |     77 |      0 |   1 |  237.0 |
               +--------+--------+--------+--------+--------+-----+--------+

Top non-repeatable levels by time:
     D:9: 3173 daAuts
    D:10: 1736 daAuts
    D:12: 1405 daAuts
     D:3: 1134 daAuts
     D:4: 1122 daAuts
     D:6: 1086 daAuts
     D:5: 1006 daAuts
    D:11: 986 daAuts
     D:7: 849 daAuts
     D:8: 821 daAuts
     D:1: 807 daAuts
  Lair:1: 761 daAuts
     D:2: 696 daAuts
    D:13: 591 daAuts
   Orc:1: 237 daAuts
